 Dungeon Crawl Stone Soup version 0.30-a0-715-gdb4ae3ece1 (webtiles) character file.

Game seed: 17626829911014928527

340 M4edhros the Insei (level 6, -3/38 HPs)
             Began as an Octopode Artificer on Jan 24, 2023.
             Was a Plaything of Xom.
             Slain by a black bear (4 damage)
             ... on level 4 of the Dungeon.
             The game lasted 00:04:05 (1692 turns).

M4edhros the Insei (Octopode Artificer)             Turns: 1692, Time: 00:04:05

Health: -3/38      AC:  1    Str: 17    XL:     6   Next: 56%
Magic:  6/6        EV: 13    Int: 14    God:    Xom [..*...]
Gold:   169        SH:  0    Dex: 14    Spells: 3/5 levels left

rFire   . . .      SeeInvis .      - Unarmed
rCold   . . .      Faith    .    (no shield)
rNeg    . . .      Spirit   .    (helmet restricted)
rPois   .          Reflect  .    (no amulet)
rElec   +          Harm     .    p - ring of willpower
rCorr   .          Rampage  .    r - ring "Geugri" {rElec Str+6}
Will    +....                    (no ring)
Stlth   +++                      (no ring)
HPRegen 0.26/turn                (no ring)
MPRegen 0.10/turn                (no ring)
                                 (no ring)
                                 (no ring)

@: brilliant, lethally poisoned (-3 -> -8)
A: almost no armour, amphibious, 8 rings, camouflage 1, gelatinous body 1,
(nimble swimmer 1), tentacles
a: Renounce Religion


You were on level 4 of the Dungeon.
You worshipped Xom.
You were a toy of Xom.
You visited 1 branch of the dungeon, and saw 4 of its levels.
You also visited: Sewer.

You collected 169 gold pieces.

Inventory:

Missiles
 m - 6 boomerangs of dispersal
Jewellery
 h - a ring of ice
 p - a ring of willpower (left tentacle)
 r - the ring "Geugri" (right tentacle) {rElec Str+6}
   (Xom gifted it to you in a sewer)

   [ring of strength]

   Str:       It affects your strength (+6).
   rElec:     It insulates you from electricity.
Wands
 b - a wand of flame (9) (quivered)
 c - a wand of charming (8)
 d - a wand of iceblast (5)
Scrolls
 e - 2 scrolls of fog {unknown}
 f - 2 scrolls of teleportation {unknown}
 g - 3 scrolls of identify {unknown}
 i - a scroll of noise {unknown}
 j - 2 scrolls of vulnerability {unknown}
 n - 3 scrolls of blinking {unknown}
Potions
 a - a potion of brilliance
 k - a potion of heal wounds {unknown}
 l - a potion of resistance {unknown}
 o - a potion of curing {unknown}
 q - a potion of degeneration {unknown}
 s - a potion of berserk rage {unknown}
 t - a potion of haste {unknown}


   Skills:
 - Level 1.0 Fighting
 - Level 2.3 Dodging
 - Level 1.3 Stealth
 + Level 5.4 Unarmed Combat
 - Level 3.0 Transmutations
 - Level 3.2 Evocations


You had 3 spell levels left.
You knew the following spells:

 Your Spells              Type           Power      Damage    Failure   Level
a - Wereblood             Tmut           12%        N/A       13%         2

Your spell library contained the following spells:

 Spells                   Type           Power      Damage    Failure   Level
 Beastly Appendage        Tmut           24%        N/A       9%          1
 Passwall                 Tmut/Erth      5%         N/A       24%         2
 Magic Dart               Conj           0%         1d3       28%         1
 Call Imp                 Summ           0%         N/A       41%         2
 Ensorcelled Hibernation  Hex/Ice        0%         N/A       41%         2
 Spider Form              Tmut/Pois      6%         N/A       43%         3
 Mephitic Cloud           Conj/Pois/Air  0%         N/A       65%         3
 Swiftness                Air            0%         N/A       65%         3
 Petrify                  Tmut/Erth      6%         N/A       83%         4
 Metabolic Englaciation   Hex/Ice        0%         N/A       100%        5
 Statue Form              Tmut/Erth      4%         N/A       100%        6


Dungeon Overview and Level Annotations

Branches:
Dungeon (4/15)              Sewer (visited)
 Temple: D:4-7

Altars:
Gozag
Xom

Annotations:
D:3 Natasha
D:4 3 runed translucent doors, TimeIsEndless's ghost, amateur VSMo


Innate Abilities, Weirdness & Mutations

You cannot wear most types of armour.
You are amphibious.
You can wear up to eight rings at the same time.
Your skin changes colour to match your surroundings (Stealth+).
Your rubbery body absorbs attacks. (AC +1, EV +1)
((You are camouflaged when in or above water. (Stealth+)))
You have tentacles for arms and can constrict up to eight enemies at once.


Message History

Press: ? - help, Shift-Dir - straight line, f/p - black bear
Aim: a black bear (79% to hit)
Okay, then.
Aiming: Charm
Press: ? - help, Shift-Dir - straight line, f/p - black bear
Aim: a black bear (chance to affect: 57%)
The black bear resists with significant effort.
Aiming: Charm
Press: ? - help, Shift-Dir - straight line, f/p - black bear
Aim: a black bear (chance to affect: 57%)
The black bear resists with significant effort.
Aiming: Charm
Press: ? - help, Shift-Dir - straight line, f/p - black bear
Aim: a black bear (chance to affect: 57%)
The black bear resists with significant effort.
Aiming: Charm
Press: ? - help, Shift-Dir - straight line, f/p - black bear
Aim: a black bear (chance to affect: 57%)
The black bear resists with significant effort.
The black bear bites you.
* * * LOW HITPOINT WARNING * * *
The black bear barely misses you. The black bear claws you.
* * * LOW HITPOINT WARNING * * *
Aiming: Charm
Press: ? - help, Shift-Dir - straight line, f/p - black bear
Aim: a black bear (chance to affect: 57%)
The black bear resists with significant effort.
The adder bites you.
* * * LOW HITPOINT WARNING * * *
You are lethally poisoned!
The adder poisons you! The black bear closely misses you. x2
The black bear claws you.
* * * LOW HITPOINT WARNING * * *
It was a potion of brilliance.
You feel clever all of a sudden.
Xom is highly amused!
* * * LOW HITPOINT WARNING * * *
You feel sick. The adder closely misses you. The black bear bites you.
You die...
Xom chortles!

................#.#
.........###....#.# #
#######.........#)# .#
#####...........#.###.##.
......#.#####.#.#........
####..#.#.............#
......#.#.###.#.....##..
#####.#.# #............(.
# #.#.$ #.....@....####
#.### #.....hS...# #.#
#..........# ..#
.............# ##
....#........#
....#...####.# .. #...#
.# . #...# # #...#


You could see a black bear and an adder.

Vanquished Creatures
  Pargi (Sewer)
  A phantom (D:4)
  Natasha (D:3)
  7 adders
  An ufetubus (D:3)
  2 worms
  2 dart slugs
  3 ball pythons
  5 bats
  6 endoplasms
  3 giant cockroaches
  6 goblins
  6 jackals (D:3)
  7 kobolds
  6 frilled lizards
  7 rats
64 creatures vanquished.

Vanquished Creatures (others)
  A quokka (D:3)
1 creature vanquished.

Grand Total: 65 creatures vanquished

Notes
Turn   | Place    | Note
-------+----------+-------------------------------------------
     0 | D:1      | M4edhros the Octopode Artificer began the quest for the
                  | Orb.
     0 | D:1      | Reached XP level 1. HP: 13/13 MP: 1/1
    45 | D:1      | Reached skill level 1 in Unarmed Combat
    96 | D:1      | Reached XP level 2. HP: 16/18 MP: 2/2
   195 | D:1      | Reached skill level 2 in Unarmed Combat
   416 | D:2      | Reached XP level 3. HP: 21/23 MP: 3/3
   421 | D:2      | Learned a level 2 spell: Wereblood
   687 | D:2      | Reached skill level 1 in Transmutations
   721 | D:2      | Reached skill level 3 in Unarmed Combat
   735 | D:3      | Reached XP level 4. HP: 28/28 MP: 4/4
   744 | D:3      | Noticed Natasha
   848 | D:3      | Killed Natasha
   953 | D:3      | Found a shimmering altar of Xom.
   970 | D:3      | Became a worshipper of Xom the Psychotic
  1022 | D:3      | Reached XP level 5. HP: 11/33 MP: 5/5
  1096 | D:3      | Found a glowing drain.
  1105 | Sewer    | Entered a sewer
  1170 | Sewer    | Noticed Pargi
  1175 | Sewer    | XOM: silly message
  1179 | Sewer    | XOM: smoke on damage
  1181 | Sewer    | Killed Pargi
  1182 | Sewer    | Reached skill level 4 in Unarmed Combat
  1182 | Sewer    | Reached XP level 6. HP: 9/38 MP: 6/6
  1281 | Sewer    | Identified the ring "Geugri" {rElec Str+6} (Xom gifted it
                  | to you in a sewer)
  1281 | Sewer    | XOM: god gift: ring "Geugri" {rElec Str+6}
  1484 | D:3      | Noticed Natasha
  1601 | D:4      | XOM: divination: detect creatures
  1640 | D:4      | Found a runed translucent gate.
  1640 | D:4      | Found a runed translucent gate.
  1640 | D:4      | Found a runed translucent gate.
  1642 | D:4      | Found an opulent altar of Gozag.
  1644 | D:4      | Noticed a water moccasin
  1644 | D:4      | Noticed TimeIsEndless's ghost (amateur VSMo)
  1683 | D:4      | Noticed a black bear
  1685 | D:4      | Reached skill level 5 in Unarmed Combat
  1692 | D:4      | HP: 1/38 [poisoned by an adder]
  1692 | D:4      | Slain by a black bear

Illustrated notes

Levels and vault maps discovered:
D:1:      elethiomel_arrival_shortcut, layout_rooms
D:2:      layout_loops_cross, minmay_misc_feat_cross, minmay_tetromino_s4,
          uniq_terence
D:3:      layout_rooms, lemuel_round_altar, cheibrodos_sewer_entry_bend,
          minmay_close_crescents, uniq_natasha
D:4:      layout_basic, ebering_ghost_gozag, kennysheep_small_square

Skill      XL: |  1  2  3  4  5  6 |
---------------+-------------------+-----
Unarmed Combat | 1 2 3 4 5 |  5.4
Transmutations | 1 2 3 |  3.0
Fighting       | |  1.0
Dodging        | |  2.3
Stealth        | |  1.3
Evocations     | |  3.2

Action                     |  1- 3 |  4- 6 || total
---------------------------+-------+-------++-------
  Melee: Unarmed           |    72 |    98 ||   170
         Constrict         |    14 |    21 ||    35
         Tentacles         |     6 |    14 ||    20
         Punch             |     3 |     2 ||     5
  Evoke: Wand              |       |    13 ||    13
    Use: Potion            |       |     1 ||     1
   Stab: Sleeping          |     5 |     5 ||    10
         Distracted        |       |     1 ||     1
 Armour: Skin              |     4 |    11 ||    15
  Dodge: Dodged            |    52 |    86 ||   138

Table legend: (Time is in decaauts)
 A = Elapsed time spent in this place.
 B = Non-inter-level travel time spent in this place.
 C = Inter-level travel time spent in this place.
 D = Time resting spent in this place.
 E = Time spent auto-exploring this place.
 F = Levels seen in this place.
 G = Mean time per level.
                   A        B        C        D        E       F      G
               +--------+--------+--------+--------+--------+-----+--------+
         Total |   1679 |   1639 |     40 |      0 |    939 |   5 |  335.8 |
       Dungeon |   1405 |   1365 |     40 |      0 |    748 |   4 |  351.2 |
         Sewer |    274 |    274 |      0 |      0 |    191 |   1 |  274.0 |
               +--------+--------+--------+--------+--------+-----+--------+

Top non-repeatable levels by time:
     D:3: 469 daAuts
     D:1: 380 daAuts
     D:2: 366 daAuts
   Sewer: 274 daAuts
     D:4: 189 daAuts
